AoeStats
← Fizzle twist

Arena

510040484Analyzed
1v1 RM · 3d ago on Sep 29, 2026· 34m 51s· 2 players
Game mode
Random Map
Map size
Tiny (2 player)
Population
200
Speed
Normal
Resources
Standard
Victory
Conquest
Starting age
Dark Age
Ending age
Imperial Age
RankedLock teamsTeams togetherTeam positionsShared explorationLock speedFull tech treeHidden civsTurbo modeCheats
Victory
Defeat
🇬🇧 Persians · United Kingdom
831
+19
🇨🇱 Turks · Chile
886
-19
KziusV
7:46 Loom
10:41 Feudal Age
12:15 Wheelbarrow
11:27 Horse Collar
11:35 Double-Bit Axe
17:03 Castle Age
21:06 Town Watch
28:41 Fletching
35:06 Imperial Age
33:58 Husbandry
34:05 Scale Barding Armor
Fizzle twist
2:21 Loom
2:41 Loom
2:58 Loom
10:58 Feudal Age
12:09 Horse Collar
16:56 Castle Age
16:18 Padded Archer Armor
16:18 Scale Mail Armor
16:22 Double-Bit Axe
16:36 Gold Mining
17:41 Town Watch
20:50 Stone Mining
22:10 Arson
24:41 Wheelbarrow
30:05 Imperial Age
27:57 Fletching
28:11 Scale Mail Armor
32:37 Bodkin Arrow
33:35 Conscription
32:45 Capped Ram
35:06 Hoardings
34:21 Crossbowman
Connection lost

Rejoining the realm…

Still unreachable

The connection could not be restored.

Session expired

The server has moved on; the page needs a fresh start.